cohdb
Replays
Latest Replays
All Replays
Popular Replays
Top Player Replays
Match Explorer
How It Works
Community
CoH3 Stats
Reddit
Sign in to upload your games and track your stats! →
Sign in with Steam
Match 47072147
Unlisted
Match 47072147
Overview
Messages
Build Orders
End
Royal Engineer Section
Selects Heavy Armor Battlegroup
Construct Section Command Post
Vickers Machine Gun Team
Dingo Light Scout Car
Construct Field Infirmary
Construct Platoon Command Post
Unlock M3 Stuart Light Tanks
M3 Stuart Light Tank
Selects Rigorous Vehicle Training
Selects Light Vehicle Withdraw and Refit
M3 Stuart Light Tank
M3 Stuart Light Tank
M3 Stuart Light Tank
Vickers Machine Gun Team
Infantry Section
Construct Company Command Post
Light Vehicle Withdraw and Refit
Infantry Section
Selects Radio Net
Unlock M3 Grant Medium Tanks
Foot Guards Section
M3 Grant Medium Tank
M3 Grant Medium Tank
Selects Recon Artillery
Recon Artillery
M3 Grant Medium Tank
Foot Guards Section
Armored Vehicle Training
M3 Grant Medium Tank
Royal Engineer Section
Selects Forward Repair Assembly
Recon Artillery
Grenade Package
M3 Grant Medium Tank
Henk
ENIGMA
Boat Goes Binted
It's Takotime
Santa's lap gremlin
Lucky Cody
Akan^
aquacleanvg
0
0
Comments
sign in to comment!
No comments posted yet!